 Dungeon Crawl Stone Soup version 0.26-a0-707-g31817bcca1 (webtiles) character file.

Game seed: 14129702885042942963

9803 Descartes the Unseen (level 11, -24/47 HPs)
             Began as a Felid Delver on Oct 26, 2020.
             Was the Champion of Dithmenos.
             Killed from afar by a deep troll earth mage (37 damage)
             ... with a blast of rock fragments
             ... on level 12 of the Dungeon.
             The game lasted 00:54:07 (18262 turns).

Descartes the Unseen (Felid Delver)                Turns: 18262, Time: 00:54:08

Health: -24/47     AC:  7    Str: 16    XL:     11   Next: 27%
Magic:  15/15      EV: 33    Int:  6    God:    Dithmenos [******]
Gold:   569        SH:  0    Dex: 21    Spells: 10/10 levels left
                                        Lives:  0   Deaths: 3

rFire    + . .     SeeInvis +     - Unarmed
rCold    + . .     Faith    .   (shield unavailable)
rNeg     + + .     Spirit   .   (armour unavailable)
rPois    .         Reflect  .   (helmet unavailable)
rElec    .         Harm     .   (cloak unavailable)
rCorr    .         Rampage  .   (gloves unavailable)
MR       ++...                  (boots unavailable)
Stlth    ++++++++++             t - amulet of regeneration
HPRegen  0.55/turn              x - +6 ring of strength
MPRegen  0.14/turn              b - ring of Serendipity {rN++ AC+4 Int-5}

@: wreathed by umbra, quick
A: very small, no armour, no weapons or thrown items, stealth, claws 1, fangs 3,
see invisible, fire resistance 1, speed 1, magic resistance 1, shaggy fur 3,
sharp paws
a: Shadow Step, Shadow Form, Renounce Religion


You were on level 12 of the Dungeon.
You worshipped Dithmenos.
Dithmenos was exalted by your worship.
You visited 3 branches of the dungeon, and saw 15 of its levels.
You also visited: Ice Cave.

You collected 905 gold pieces.
You spent 336 gold pieces at shops.

Inventory:

Missiles
 h - 242 arrows
 j - 403 stones
Jewellery
 b - the ring of Serendipity (right paw) {rN++ AC+4 Int-5}
   (You found it in an ice cave)

   [ring of protection]

   It affects your AC (+4).
   It affects your intelligence (-5).
   It greatly protects you from negative energy.
 f - an uncursed ring of stealth
 s - an uncursed ring of protection from cold
 t - an amulet of regeneration (around neck)
 x - a +6 ring of strength (left paw)
 A - an uncursed ring of magical power
 G - an uncursed ring of protection from fire
 P - an uncursed ring of fire {unknown}
Wands
 e - a wand of digging (20)
 J - a wand of random effects (17)
 L - a wand of paralysis (8)
 M - a wand of flame (30)
 O - a wand of enslavement (4)
Scrolls
 a - 6 scrolls of fog
 c - 5 scrolls of fear
 g - 3 scrolls of immolation
 i - 5 scrolls of teleportation
 k - 2 scrolls of amnesia
 l - a scroll of holy word
 y - 6 scrolls of remove curse
 B - a scroll of random uselessness {unknown}
 E - a scroll of blinking
 F - a scroll of summoning
 H - 2 scrolls of silence {unknown}
 I - 2 scrolls of vulnerability {unknown}
 K - a scroll of identify
 N - 3 scrolls of noise
Potions
 d - 2 potions of haste
 m - 4 potions of curing
 n - 4 potions of lignification
 o - 2 potions of flight
 p - 4 potions of stabbing
 q - 2 potions of berserk rage
 r - 2 potions of cancellation
 u - 3 potions of brilliance
 v - 4 potions of resistance
 w - a potion of invisibility
 z - 4 potions of mutation
 C - 5 potions of ambrosia
 D - 2 potions of might


   Skills:
 - Level 5.0 Fighting
 + Level 14.9 Dodging
 + Level 17.5 Stealth
 + Level 12.3 Unarmed Combat
 - Level 5.0 Invocations
 - Level 5.0 Evocations


You had 10 spell levels left.
You didn't know any spells.
Your spell library contained the following spells:

 Spells                   Type           Power        Failure   Level
 Animate Skeleton         Necr           #.....       45%         1
 Pain                     Necr           #...         45%         1
 Sublimation of Blood     Necr           #.........   58%         2
 Vampiric Draining        Necr           #.........   83%         3
 Animate Dead             Necr           #.........   99%         4
 Agony                    Necr           #.......     100%        5


Dungeon Overview and Level Annotations

Branches:
Dungeon (12/15)            Temple (1/1) D:7            Lair (2/6) D:9
    Orc (0/2) D:12          IceCv (visited)
  Swamp: Lair:2-4    Shoals: Lair:2-4     Snake: Lair:2-4    Spider: Lair:2-4

Altars:
Ashenzari
Cheibriados
Dithmenos
Elyvilon
Fedhas
Gozag
Hepliaklqana
Kikubaaqudgha
Makhleb
Nemelex Xobeh
Okawaru
Qazlal
Ru
Sif Muna
Trog
Uskayaw
Vehumet
Wu Jian
Xom
Yredelemnul
Zin
The Shining One

Shops:
D:4 *   D:6 ?   D:12 (

Annotations:
D:12 Frances
Lair:1 exclusion: 2 oklob plants


Innate Abilities, Weirdness & Mutations

You cannot wear armour.
You are incapable of wielding weapons or throwing items.
Your paws allow you to move quietly. (Stealth)
You have sharp claws.
You have razor-sharp teeth.
You have supernaturally acute eyesight. (SInv)
You cover ground quickly.
Your thick and shaggy fur keeps you warm. (AC +3, rC+)
Your sharp claws are effective at attacking unaware monsters.
Your flesh is heat resistant. (rF+)
You are resistant to hostile enchantments. (MR+)


Message History

You hear a grinding noise.
You hear a grinding noise.
You hear a grinding noise.
You hear a grinding noise.
You hear a grinding noise.
A deep troll earth mage is nearby!
You closely miss the deep troll earth mage.
Your shadow barely misses the deep troll earth mage.
The deep troll earth mage casts a spell past you.
The wall shatters!
The blast of rock fragments hits you!!!
Ouch! That really hurt!
* * * LOW HITPOINT WARNING * * *
You emit a cloud of dark smoke.
You closely miss the deep troll earth mage.
The deep troll earth mage misses you. x2
The deep troll earth mage completely misses you.
The deep troll earth mage points at you and mumbles some strange words.
The wall shatters!
The blast of rock fragments hits you!!!
Ouch! That really hurt!
You die...

#...........#
#.#......##.#
#.#.#.###.#.######
#.#.#.# #.........
#.#.#.###.#.###### ###
##.#.##...##.# ##.##
##............#
##.#.###...#.#######.#
##)###.T...@..#######>#
#...#..##..#..........#
# ##
##§§####...########.# #
###..##§## ##.## #.# #
#...§§§§# #.# #.# #
#.##§§### #.#
#####.###### ##.##§#
#.# #...........
##..... #####.#
#.###.###.## ......
##...#.# #.# #.# #)#>


You could see a deep troll earth mage.

Vanquished Creatures
  Jorgrun (D:12)
  Josephine (D:11)
  2 boulder beetles (D:11)
  2 hydras
  2 death yaks (D:8)
  An unseen horror (D:10)
  2 ugly things (IceCv)
  Maurice (D:12)
  3 cyclopes
  A black mamba (Lair:1)
  Psyche (D:8)
  A centaur zombie (D:12)
  2 cane toads
  A gargoyle (D:12)
  2 komodo dragons
  A freezing wraith (D:12)
  A meliai (shapeshifter) (D:12)
  A blink frog (Lair:2)
  2 wyverns (Lair:1)
  42 yaks
  4 wraiths (D:11)
  A basilisk (Lair:1)
  A vampire mosquito (D:12)
  3 water moccasins
  6 orc warriors
  6 sky beasts
  A black bear (D:6)
  An eye of draining (D:11)
  A hornet zombie (D:12)
  A phantom (D:5)
  6 ice beasts (IceCv)
  12 ogres
  4 wolves (Lair:2)
  5 centaurs
  5 necrophages
  5 big kobolds
  20 bullfrogs
  A wyvern zombie (D:12)
  6 scorpions
  14 wights
  16 killer bees
  2 electric eels (D:9)
  10 howler monkeys
  A quasit (D:5)
  3 bullfrog zombies
  4 jellies
  9 orc priests
  5 hounds
  8 orc wizards
  5 bullfrog skeletons
  Jessica (D:3)
  2 iguanas
  12 worker ants
  2 killer bee zombies (D:9)
  A hound zombie (D:7)
  A hound skeleton (D:6)
  A mummy (D:9)
  2 worker ant zombies
  13 adders
  6 gnolls
  A shadow imp (D:6)
  4 white imps
  3 ufetubi
  3 oozes
  An adder zombie (D:5)
  2 adder skeletons
  3 dart slugs
  7 leopard geckos
  41 orcs
  5 bats
  2 bat zombies (D:3)
  7 giant cockroaches
  7 goblins
  5 hobgoblins
  7 jackals
  6 quokkas
  3 ball pythons
  6 frilled lizards
  21 kobolds
  A quokka skeleton (D:4)
  A quokka zombie (D:9)
  4 rats
  4 rat zombies (D:3)
  A butterfly (D:8)
422 creatures vanquished.

Vanquished Creatures (others)
  A fungus (Lair:1)
  2 plants
  5 withered plants (D:9)
8 creatures vanquished.

Grand Total: 430 creatures vanquished

Notes
Turn   | Place    | Note
-------+----------+-------------------------------------------
     0 | D:5      | Descartes the Felid Delver began the quest for the Orb.
     0 | D:5      | Reached XP level 1. HP: 10/10 MP: 2/2
    76 | D:5      | Noticed a phantom
    79 | D:5      | Noticed an ogre
   113 | D:4      | Found a shadowy altar of Dithmenos.
   120 | D:4      | Became a worshipper of Dithmenos the Shadowed
   141 | D:4      | Noticed a scorpion
   148 | D:4      | Killed a scorpion
   148 | D:4      | Reached skill level 8 in Stealth
   148 | D:4      | Reached XP level 2. HP: 14/14 MP: 3/3
   148 | D:4      | Reached XP level 3. HP: 17/17 MP: 4/4
   207 | D:4      | Reached XP level 4. HP: 21/21 MP: 5/5
   311 | D:4      | Found Mufysh's Assorted Antiques.
   330 | D:4      | Reached skill level 9 in Stealth
   334 | D:4      | Bought a fizzy purple potion for 29 gold pieces
   876 | D:1      | Reached XP level 5. HP: 24/24 MP: 6/6
  1753 | D:2      | Reached * piety under Dithmenos
  3156 | D:3      | Reached ** piety under Dithmenos
  3162 | D:3      | Found an ancient bone altar of Kikubaaqudgha.
  3445 | D:3      | Noticed Jessica
  3456 | D:3      | Killed Jessica
  3456 | D:3      | Reached skill level 10 in Stealth
  3456 | D:3      | Gained mutation: You are covered in thick fur. (AC +2)
                  | [Felid growth]
  3456 | D:3      | Reached XP level 6. HP: 25/28 MP: 7/7
  3466 | D:3      | Identified Jessica's Catalogue of Dark Secrets
  3554 | D:3      | Found a hazy altar of Hepliaklqana.
  4933 | D:5      | Reached skill level 5 in Dodging
  4940 | D:5      | Reached XP level 7. HP: 15/31 MP: 8/8
  5331 | D:5      | Reached skill level 5 in Unarmed Combat
  5505 | D:5      | Slain by a gnoll
  5506 | D:5      | Reached XP level 6. HP: -1/28 MP: 7/7
  6185 | D:6      | Noticed a yak
  6185 | D:6      | Noticed a yak
  6186 | D:6      | Noticed a yak
  6227 | D:6      | Reached XP level 7. HP: 31/31 MP: 8/8
  6391 | D:6      | Found a burning altar of Makhleb.
  6447 | D:5      | Killed a yak
  6447 | D:5      | Reached skill level 11 in Stealth
  6815 | D:6      | Reached *** piety under Dithmenos
  6852 | D:6      | Reached XP level 8. HP: 34/34 MP: 9/9
  7666 | D:6      | Reached skill level 12 in Stealth
  7745 | D:6      | Found Kestrul's Magic Scroll Boutique.
  7750 | D:6      | Bought a scroll of identify for 22 gold pieces
  7750 | D:6      | Bought a scroll of identify for 22 gold pieces
  7750 | D:6      | Bought a scroll of blinking for 82 gold pieces
  7750 | D:6      | Bought a scroll of identify for 22 gold pieces
  7750 | D:6      | Bought a scroll of identify for 22 gold pieces
  7750 | D:6      | Bought a scroll of summoning for 104 gold pieces
  7885 | D:7      | Found a blossoming altar of Fedhas.
  7952 | D:7      | Found a sparkling altar of Nemelex Xobeh.
  7962 | D:7      | Found a white marble altar of Elyvilon.
  7962 | D:7      | Found a glowing silver altar of Zin.
  7962 | D:7      | Found a glowing golden altar of the Shining One.
  8012 | D:7      | Reached XP level 9. HP: 37/37 MP: 10/10
  8343 | D:4      | Bought a scroll labeled ZEGIPR GIECUPY for 33 gold pieces
  8464 | D:7      | Found a staircase to the Ecumenical Temple.
  8473 | Temple   | Entered the Ecumenical Temple
  8750 | D:7      | Found a hide-covered altar of Uskayaw.
  9325 | D:8      | Found a shimmering altar of Xom.
  9463 | D:8      | Noticed Psyche
  9468 | D:8      | Killed Psyche
  9468 | D:8      | Reached skill level 10 in Dodging
  9468 | D:8      | Reached skill level 13 in Stealth
  9711 | D:8      | Found a snail-covered altar of Cheibriados.
  9870 | D:9      | Reached skill level 1 in Invocations
  9870 | D:9      | Reached skill level 1 in Evocations
  9888 | D:9      | Reached **** piety under Dithmenos
 10009 | D:9      | Noticed a death yak
 10050 | D:8      | Reached XP level 10. HP: 22/42 MP: 12/12
 10407 | D:9      | Found a staircase to the Lair.
 10407 | D:9      | Noticed a death yak
 10407 | D:9      | Noticed a death yak
 10407 | D:9      | Noticed a death yak
 10407 | D:9      | Noticed a death yak
 10407 | D:9      | Noticed a death yak
 10407 | D:9      | Noticed a death yak
 10408 | D:9      | Noticed a death yak
 10660 | D:8      | Found a snail-covered altar of Cheibriados.
 10747 | D:8      | Found a shimmering altar of Xom.
 10966 | D:8      | Killed a death yak
 11694 | D:9      | Noticed an orange demon
 11772 | D:8      | Reached skill level 14 in Stealth
 11971 | D:8      | Found a shimmering altar of Xom.
 12041 | D:8      | Found a snail-covered altar of Cheibriados.
 12209 | D:8      | Killed a death yak
 12209 | D:8      | Reached skill level 5 in Fighting
 12627 | D:8      | Reached XP level 11. HP: 32/47 MP: 13/15
 13115 | Lair:1   | Entered Level 1 of the Lair of Beasts
 13126 | Lair:1   | Reached ***** piety under Dithmenos
 13158 | Lair:1   | Noticed an oklob plant
 13158 | Lair:1   | Noticed an oklob plant
 13353 | Lair:1   | Reached skill level 5 in Evocations
 13467 | Lair:1   | Noticed a five-headed hydra
 13474 | Lair:1   | Killed a five-headed hydra
 13474 | Lair:1   | Reached skill level 10 in Unarmed Combat
 13474 | Lair:1   | Reached skill level 5 in Invocations
 13548 | Lair:1   | Reached skill level 15 in Stealth
 13696 | Lair:1   | You fall into a shaft and drop 1 floor!
 13705 | Lair:2   | Gained mutation: You are resistant to hostile enchantments.
                  | (MR+) [potion of mutation]
 13705 | Lair:2   | Gained mutation: Your flesh is heat resistant. (rF+)
                  | [potion of mutation]
 13720 | Lair:2   | Found a snail-covered altar of Cheibriados.
 13782 | Lair:2   | Found a frozen archway.
 13792 | IceCv    | Entered an ice cave
 13792 | IceCv    | Noticed a white ugly thing
 13889 | IceCv    | Killed a white ugly thing
 13966 | IceCv    | Found a transporter.
 13979 | IceCv    | Noticed a white ugly thing
 13980 | IceCv    | Found a transporter.
 13982 | IceCv    | Killed a white ugly thing
 13987 | IceCv    | Got a clouded lead ring
 14032 | IceCv    | Identified the ring of Serendipity {rN++ AC+4 Int-5} (You
                  | found it in an ice cave)
 14106 | Lair:2   | Gained mutation: Your thick and shaggy fur keeps you warm.
                  | (AC +3, rC+) [Felid growth]
 14106 | Lair:2   | Reached XP level 12. HP: 51/51 MP: 16/16
 14810 | D:10     | Entered Level 10 of the Dungeon
 15415 | D:10     | Reached skill level 16 in Stealth
 15616 | D:11     | Noticed a boulder beetle
 15669 | D:11     | Killed a boulder beetle
 15929 | D:11     | Noticed Josephine
 15946 | D:11     | Killed Josephine
 16106 | D:11     | Found a white marble altar of Elyvilon.
 16454 | D:12     | Noticed Jorgrun
 16456 | D:12     | Killed Jorgrun
 16456 | D:12     | Reached ****** piety under Dithmenos
 16487 | D:12     | Reached skill level 17 in Stealth
 16513 | D:12     | Noticed a boulder beetle
 16820 | D:12     | Noticed Maurice
 16877 | D:11     | Slain by a boulder beetle
 16878 | D:11     | Reached XP level 11. HP: -4/47 MP: 15/15
 17028 | D:11     | Found a white marble altar of Elyvilon.
 17269 | D:11     | Killed a boulder beetle
 17497 | D:12     | Killed Maurice
 17519 | D:12     | Found a staircase to the Orcish Mines.
 17577 | D:12     | Reached XP level 12. HP: 19/51 MP: 16/16
 17685 | D:12     | Noticed Frances
 17841 | D:12     | Found Geep's Weapon Emporium.
 17981 | D:12     | Noticed a five-headed hydra
 17985 | D:12     | Killed a five-headed hydra
 18025 | D:12     | Noticed a six-headed hydra
 18026 | D:12     | Noticed a centaur warrior
 18073 | D:12     | Noticed a six-headed hydra
 18198 | D:12     | Noticed a deep troll earth mage
 18226 | D:12     | HP: 2/51 [centaur warrior/+1 vorpal trident (12)]
 18226 | D:12     | Slain by a centaur warrior
 18227 | D:12     | Reached XP level 11. HP: 0/47 MP: 15/15
 18262 | D:12     | Killed from afar by a deep troll earth mage

Illustrated notes

Levels and vault maps discovered:
D:1:      beargit_arrival_greenhouse, layout_loops_ring
D:2:      layout_basic
D:3:      layout_basic, lemuel_coloured_pillars_altar,
          lemuel_zombie_altar_kikubaaqudgha, serial_forest,
          infiniplex_forest_clump_diagonal, infiniplex_forest_clump_large,
          infiniplex_forest_straight_5, infiniplex_forest_lined_1,
          infiniplex_forest_lined_2, infiniplex_forest_clump_curved,
          infiniplex_forest_clump_medium, kennysheep_jessica_study
D:4:      minmay_bubble_buster, layout_basic, overflow_temple_1_default,
          serial_shops, nicolae_shop_competitors_out_of_business,
          kennysheep_opposing_triangles
D:5:      layout_loops_ring
D:6:      layout_loops_ring, nicolae_overflow_crystal_walls, serial_shops,
          nicolae_shop_crystal
D:7:      layout_loops_cross, good_gods_mini_temple, old_standard_altar,
          kennysheep_mini, old_standard_altar, lemuel_temple_firewalk_a,
          minmay_quadrilaterals
D:8:      layout_loops_ring, lemuel_crystal_altar, xom_butterflies, uniq_psyche
D:9:      argonaut_augean_stables, layout_basic, dpeg_lair_monsters,
          serial_undead, serial_undead_d, serial_undead_d, serial_undead_e,
          serial_undead_f, serial_undead_b, serial_undead_e, special_room
          [special_room_kobold]
D:10:     layout_roguey, lightli_corner_chamber
D:11:     layout_loops_ring, elyvilon_altar_5, uniq_josephine
D:12:     minmay_expanding_squares, layout_loops_ring, orc_0_dummy,
          serial_shops, nicolae_shop_statue_plus, uniq_maurice, uniq_jorgrun,
          uniq_frances
Temple:   eino_wide_crystal_templ
Lair:1:   layout_regular_city, serial_bayou_shore_b, minmay_lair_oklob_chamber
Lair:2:   layout_long_grid, portal_ice_cave_entry_pillars_2, basic_altar,
          grunt_megastairs_3, lemuel_fruit_tree

Skill      XL: |  1  2  3  4  5  6  7  8  9 10 11 12 |
---------------+-------------------------------------+-----
Stealth        | 8 9 10 11 12 13 14 15 17 | 17.5
Dodging        | 4 5 7 8 10 11 12 14 | 14.9
Unarmed Combat | 4 6 7 8 9 12 11 | 12.3
Invocations    | 1 4 5 |  5.0
Evocations     | 1 4 5 |  5.0
Fighting       | 5 |  5.0

Action                   |  1- 3 |  4- 6 |  7- 9 | 10-12 || total
-------------------------+-------+-------+-------+-------++-------
Melee: Unarmed           |     6 |   324 |   316 |  1141 ||  1787
       Bite              |       |    29 |    24 |   179 ||   232
       Punch             |       |     2 |    15 |    65 ||    82
Evoke: Wand              |       |       |       |     2 ||     2
  Use: Potion            |       |     3 |     4 |     4 ||    11
       Scroll            |       |    10 |     4 |     8 ||    22
 Stab: Sleeping          |     2 |    39 |    32 |    58 ||   131
       Distracted        |       |     2 |     4 |     9 ||    15
       Invisible         |       |       |     2 |     6 ||     8
Armor: Skin              |       |    13 |     6 |    26 ||    45
Dodge: Dodged            |     3 |   282 |   276 |   953 ||  1514

Table legend: (Time is in decaauts)
 A = Elapsed time spent in this place.
 B = Non-inter-level travel time spent in this place.
 C = Inter-level travel time spent in this place.
 D = Time resting spent in this place.
 E = Time spent auto-exploring this place.
 F = Levels seen in this place.
 G = Mean time per level.
                   A        B        C        D        E       F      G
               +--------+--------+--------+--------+--------+-----+--------+
         Total |  15666 |  14852 |    814 |    951 |   9854 |  16 |  979.1 |
       Dungeon |  14263 |  13508 |    755 |    951 |   9131 |  12 | 1188.6 |
        Temple |     45 |     36 |      9 |      0 |     33 |   1 |   45.0 |
          Lair |   1131 |   1082 |     49 |      0 |    638 |   2 |  565.5 |
      Ice Cave |    226 |    226 |      0 |      0 |     50 |   1 |  226.0 |
               +--------+--------+--------+--------+--------+-----+--------+

Top non-repeatable levels by time:
     D:8: 2059 daAuts
     D:4: 1809 daAuts
    D:11: 1565 daAuts
     D:5: 1376 daAuts
     D:6: 1371 daAuts
     D:9: 1217 daAuts
     D:2: 1025 daAuts
  Lair:1: 1006 daAuts
     D:7: 969 daAuts
     D:1: 867 daAuts
    D:12: 728 daAuts
     D:3: 671 daAuts
    D:10: 602 daAuts
   IceCv: 226 daAuts
  Lair:2: 124 daAuts
